 Dungeon Crawl Stone Soup version 0.30.1 (webtiles) character file.

Game seed: 9833240810174764561

241 Graphine the Conjurer (level 5, -2/38 HPs)
             Began as a Demonspawn Conjurer on July 5, 2023.
             Was an Initiate of Gozag.
             Slain by a gnoll
             ... wielding a +0 halberd
             ... led by a gnoll bouda
              (12 damage)
             ... on level 4 of the Dungeon.
             The game lasted 00:06:19 (3220 turns).

Graphine the Conjurer (Demonspawn Conjurer)         Turns: 3220, Time: 00:06:19

Health: -2/38      AC:  3    Str: 14    XL:     5   Next: 80%
Magic:  9/9        EV: 12    Int: 21    God:    Gozag
Gold:   217        SH:  6    Dex: 11    Spells: 2/9 levels left

rFire   . . .        c - +3 whip
rCold   . . .        (no shield)
rNeg    . . .        a - +0 robe
rPois   .            (no helmet)
rElec   .            m - +0 cloak
rCorr   .            (no gloves)
SInv    .            (no boots)
Will    .....        (no amulet)
Stlth   ++           g - +6 ring of strength
HPRegen 0.26/turn    (no ring)
MPRegen 0.11/turn

%: no passive effects
@: weakened, gold aura
A: large bone plates 2
a: Renounce Religion, Potion Petition, Call Merchant, Bribe Branch


You were on level 4 of the Dungeon.
You worshipped Gozag.
Gozag was aware of your devotion.
You visited 1 branch of the dungeon, and saw 4 of its levels.

You collected 259 gold pieces.
You paid 42 gold pieces to Gozag.

Inventory:

Hand Weapons
 c - a +3 whip (weapon)
Armour
 a - a +0 robe (worn)
 m - a +0 cloak (worn)
Jewellery
 g - a +6 ring of strength (left hand)
 n - a ring of magical power
Scrolls
 k - 3 scrolls of identify
 o - 2 scrolls of vulnerability {unknown}
Potions
 d - a potion of heal wounds {unknown}
 e - 2 potions of curing
 f - 3 potions of brilliance {unknown}
 h - a potion of berserk rage
 i - 2 potions of lignification {unknown}
 j - a potion of attraction {unknown}
 l - a potion of invisibility {unknown}
 p - a potion of resistance {unknown}


   Skills:
 + Level 2.0 Fighting
 + Level 2.6 Dodging
 - Level 1.7 Stealth
 + Level 2.8 Spellcasting
 * Level 5.2 Conjurations
 * Level 2.4 Hexes


You had 2 spell levels left.
You knew the following spells:

 Your Spells              Type           Power      Damage    Failure   Level
a - Magic Dart            Conj           100%       1d8       1%          1
b - Searing Ray           Conj           50%        2d6       2%          2
c - Fulminant Prism       Conj/Hex       9%         3d6       28%         4

Your spell library contained the following spells:

 Spells                   Type           Power      Damage    Failure   Level
 Freeze                   Ice            8%         1d3       14%         1
 Blink                    Tloc           4%         N/A       21%         2
 Dazzling Flash           Conj/Hex       38%        N/A       9%          3
 Hailstorm                Conj/Ice       13%        3d5       14%         3
 Frozen Ramparts          Ice            4%         1d1       38%         3
 Iskenderun's Mystic Bla  Conj/Tloc      13%        2d5       43%         4
 Manifold Assault         Tloc           2%         N/A       80%         4
 Storm Form               Tmut/Air       1%         N/A       100%        7


Dungeon Overview and Level Annotations

Branches:
Dungeon (4/15)
 Temple: D:4-7

Altars:
Ashenzari
Gozag


Innate Abilities, Weirdness & Mutations

You are mostly covered in large bone plates. (SH +6)


Message History

The searing ray hits the gnoll bouda.
The gnoll bouda is severely wounded.
The searing ray hits the gnoll.
The gnoll is almost dead.
The searing ray hits the gnoll.
You kill the gnoll!
You finish channelling your searing ray.
Casting: Searing Ray (safe; 2% risk of failure)
Confirm with . or Enter, or press ? or * to list all spells.
Aiming: Searing Ray (safe; 2% risk of failure)
Press: ? - help, Shift-Dir - straight line, f - gnoll, p - gnoll bouda
Aim: a gnoll, wielding a +0 halberd (82% to hit)
The searing ray hits the gnoll bouda.
The gnoll bouda is almost dead.
The searing ray hits the gnoll.
You kill the gnoll!
The searing ray hits the gnoll.
The gnoll is lightly wounded. (Press . to maintain the ray.)
The gnoll bouda calls upon its god to heal the gnoll.
The gnoll's wounds heal themselves!
Your Fighting skill increases to level 2!
The searing ray misses the gnoll bouda.
The searing ray misses the gnoll.
The gnoll bouda gazes fiercely through you!
You feel as though you will be weak longer.
The gnoll bouda hits you with a +0 whip!
* * * LOW HITPOINT WARNING * * *
The searing ray hits the gnoll bouda but does no damage.
The gnoll bouda is almost dead.
The searing ray hits the gnoll!
The gnoll is severely wounded.
The gnoll bouda barks out a call to the hunt!
The gnoll picks up the pace!
The gnoll barely misses you.
You aren't carrying any items that you can evoke.
Magic courses through your body.
The gnoll bouda is distracted by your dazzling golden aura.
The gnoll hits you from afar with a +0 halberd!
You die...
Your body crumbles into a pile of gold.

$
#######################.
................@gg$....
#######################.
#### ...# ##..# #


You could see a gnoll bouda (unaware) and a gnoll (swift).

Vanquished Creatures
  A howler monkey (D:4)
  An orc priest (D:3)
  Jessica (D:3)
  3 gnolls (D:4)
  2 adders (D:3)
  2 worms
  4 dart slugs
  3 orcs (D:3)
  2 bats
  8 endoplasms
  3 giant cockroaches
  6 goblins
  4 hobgoblins (D:2)
  6 jackals
  9 kobolds
  5 quokkas (D:1)
  9 ball pythons
  8 frilled lizards
  5 rats
82 creatures vanquished.

Notes
Turn   | Place    | Note
-------+----------+-------------------------------------------
     0 | D:1      | Graphine the Demonspawn Conjurer began the quest for the
                  | Orb.
     0 | D:1      | Reached XP level 1. HP: 13/13 MP: 3/3
   274 | D:1      | Gained mutation: You are partially covered in large bone
                  | plates. (SH +4) [demonic ancestry]
   274 | D:1      | Reached XP level 2. HP: 20/20 MP: 1/5
   277 | D:1      | Learned a level 2 spell: Searing Ray
  1035 | D:2      | Gained mutation: You are mostly covered in large bone
                  | plates. (SH +6) [demonic ancestry]
  1035 | D:2      | Reached XP level 3. HP: 25/25 MP: 1/6
  1084 | D:2      | Reached skill level 1 in Fighting
  1183 | D:2      | Found a faded altar of an unknown god.
  1975 | D:3      | Noticed Jessica
  1980 | D:3      | Killed Jessica
  1981 | D:3      | Reached skill level 1 in Hexes
  1981 | D:3      | Reached XP level 4. HP: 32/32 MP: 0/7
  2264 | D:3      | Reached XP level 5. HP: 31/37 MP: 1/8
  2467 | D:3      | Learned a level 4 spell: Fulminant Prism
  2527 | D:3      | Reached skill level 5 in Conjurations
  2625 | D:3      | Identified the +1 ring mail "Depigis" {Str+2 Dex+2}
  2715 | D:3      | Found an opulent altar of Gozag.
  2852 | D:3      | Became a worshipper of Gozag Ym Sagoz the Greedy
  3006 | D:4      | Found a broken altar of Ashenzari.
  3220 | D:4      | Slain by a gnoll

Illustrated notes

Levels and vault maps discovered:
D:1:      ldierk_walled_garden, layout_basic
D:2:      layout_rooms, basic_ecumenical_altar, minmay_goblin_kobold_house
D:3:      layout_basic, nicolae_gozag_cash_rules_everything_around_me,
          minmay_crystal_room, uniq_jessica
D:4:      layout_basic, ashenzari_conservatory_becter,
          minmay_temple_entry_gardened_gates

Skill      XL: |  1  2  3  4  5 |
---------------+----------------+-----
Dodging        | 2 |  2.6
Fighting       | 1 2 |  2.0
Hexes          | 1 2 |  2.4
Conjurations   | 5 |  5.2
Stealth        | |  1.7
Spellcasting   | |  2.8

Action                     |  1- 3 |  4- 6 || total
---------------------------+-------+-------++-------
  Melee: Whip              |     9 |    24 ||    33
         Punch             |       |     1 ||     1
   Cast: Magic Dart        |    87 |    58 ||   145
         Searing Ray       |     1 |     3 ||     4
    Use: Scroll            |    11 |       ||    11
         Potion            |       |     1 ||     1
 Armour: Robe              |     3 |     7 ||    10
  Dodge: Dodged            |     8 |    12 ||    20
  Block: Other             |     6 |    10 ||    16
